 Dungeon Crawl Stone Soup version 0.15.2 (webtiles) character file.

158 fredomojojo the Shield-Bearer (level 5, -5/47 HPs)
             Began as a Minotaur Fighter on Dec 10, 2015.
             Killed by nerve-wracking pain
             ... invoked by Grinder
              (8 damage)
             ... on Level 3 of the Dungeon.
             The game lasted 00:17:17 (1461 turns).

fredomojojo the Shield-Bearer (Minotaur Fighter)    Turns: 1461, Time: 00:17:18

HP  -5/47        AC 12     Str 22      XL: 5   Next: 16%
MP   2/2         EV  4     Int  9      God:
Gold 54          SH 10     Dex  9      Spells:  0 memorised,  4 levels left

rFire  . . .     SeeInvis .     a - +0 long sword
rCold  . . .     Clarity  .     v - +0 plate armour
rNeg   . . .     rCorr    .     c - +0 shield
rPois  .         rRot     .     (helmet restricted)
rElec  .         Spirit   .     (no cloak)
SustAb .         Warding  .     (no gloves)
rMut   .         Stasis   .     (no boots)
Gourm  .                        (no amulet)
MR     .....                    (no ring)
                                w - +4 ring of intelligence

@: not resistant to hostile enchantments, extremely unstealthy
A: retaliatory headbutt, horns 2
a: no special abilities


You were on level 3 of the Dungeon.
You were not hungry.

You visited 1 branch of the dungeon, and saw 3 of its levels.

You collected 54 gold pieces.

Inventory:

Hand weapons
 a - a +0 long sword (weapon)
 B - a +0 hunting sling
Missiles
 s - 26 sling bullets
 y - 18 stones (quivered)
Armour
 b - a +0 scale mail
 c - a +0 shield (worn)
 v - a +0 plate armour (worn)
 G - a +0 pair of gloves
Comestibles
 d - 2 bread rations
 g - a slice of pizza
 k - 4 fruits
 u - a beef jerky
 C - a chunk of ball python flesh
 F - a rotting chunk of ball python flesh
 H - a rotting chunk of adder flesh
 I - a chunk of adder flesh
 J - a chunk of ball python flesh
Scrolls
 m - 5 scrolls of identify {unknown}
 n - 2 scrolls of immolation {unknown}
 o - a scroll of enchant weapon {unknown}
 p - a scroll of recharging {unknown}
 r - a scroll of magic mapping {unknown}
 x - a scroll of fear {unknown}
 A - 4 scrolls of remove curse {unknown}
Jewellery
 w - a +4 ring of intelligence (left hand)
Potions
 e - a potion of might
 f - 2 potions of magic {unknown}
 i - 2 potions of cancellation {unknown}
 j - 2 potions of curing {unknown}
 l - a potion of mutation {unknown}
 q - a potion of cure mutation {unknown}
 t - a potion of restore abilities {unknown}
 z - a potion of brilliance {unknown}
 D - a potion of flight {unknown}
 E - 4 potions of heal wounds {unknown}


   Skills:
 + Level 4.6 Fighting
 + Level 3.3 Long Blades
 + Level 4.7 Armour
 + Level 0.7 Dodging
 + Level 0.1 Stealth
 + Level 4.9 Shields


You had 4 spell levels left.
You didn't know any spells.

Dungeon Overview and Level Annotations

Branches:
Dungeon (3/15)

Altars:

Annotations:
D:3 Grinder


Innate Abilities, Weirdness & Mutations

You reflexively headbutt those who attack you in melee.
You have a pair of horns on your head.


Message History

Grinder is severely wounded.
Grinder hits you.
* * * LOW HITPOINT WARNING * * *
You writhe in agony.
* * * LOW HITPOINT WARNING * * *
Ugh!
There is something really disgusting in your inventory. (slot H)
You hit Grinder but do no damage.
Grinder is severely wounded.
You block Grinder's attack.
Grinder gestures.
Grinder blinks!
Throwing (i - inventory):
y - 19 stones (quivered)
Press: ? - help, Shift-Dir - straight line, f - Grinder
Aim: Grinder (severely wounded)
You throw a stone.
The stone hits Grinder but does no damage.
Grinder is severely wounded.
Grinder gestures at you. Pain shoots through your body!
You die...

. #.# #.# #### #.#
..... #.# #...$..####
#.#
..5....ยง@.#########.#
#......##.#.........#
..... #.#.#.).....#
#### .#.#.#.#####%#
#.#.#.#.# #.#
#)#.#.#%# #.#
#.#.#.#.#####.#
#.#.#.#.....#.####
#.#.#.#####.#....##


You could see Grinder.

Vanquished Creatures
  Crazy Yiuf (D:2)
  6 adders (D:3)
  A giant mite (D:2)
  An inept item mimic (D:3)
  2 worms (D:2)
  2 giant cockroaches
  10 goblins
  8 hobgoblins
  4 kobolds
  4 ball pythons
  5 bats
  3 giant geckos (D:1)
  7 rats
54 creatures vanquished.

Notes
Turn   | Place    | Note
--------------------------------------------------------------
     0 | D:1      | fredomojojo, the Minotaur Fighter, began the quest for the Orb.
     0 | D:1      | Reached XP level 1. HP: 19/19 MP: 1/1
   161 | D:1      | Reached XP level 2. HP: 27/27 MP: 1/1
   193 | D:1      | Reached skill level 4 in Armour
   623 | D:2      | Reached XP level 3. HP: 33/33 MP: 2/2
   696 | D:2      | Noticed Crazy Yiuf
   700 | D:2      | Paralysed by Crazy Yiuf for 2 turns
   706 | D:2      | Killed Crazy Yiuf
   933 | D:2      | Reached XP level 4. HP: 39/41 MP: 2/2
  1291 | D:3      | Reached XP level 5. HP: 47/47 MP: 2/2
  1440 | D:3      | Noticed Grinder
  1440 | D:3      | Paralysed by Grinder for 7 turns
  1450 | D:3      | Paralysed by Grinder for 6 turns
  1461 | D:3      | Killed from afar by Grinder

Action                   |  1- 3 |  4- 6 || total
-------------------------+-------+-------++-------
Melee: Long sword        |    85 |    59 ||   144
Throw: Stone             |       |     1 ||     1
  Eat: Chunk             |       |     2 ||     2
